 Dungeon Crawl Stone Soup version 0.30.1-9-gdf580d7c3d (webtiles) character file.

Game seed: 17657913641960961660

2219 Peloso the Protected (level 9, 0/78 HPs)
             Began as a Minotaur Fighter on Oct 5, 2023.
             Slain by a gnoll sergeant
             ... wielding a +1 trident of flaming
              (5 damage)
             ... on level 6 of the Dungeon.
             The game lasted 00:10:38 (5585 turns).

Peloso the Protected (Minotaur Fighter)             Turns: 5585, Time: 00:10:38

Health: 0/78       AC: 16    Str: 22    XL:     9   Next: 13%
Magic:  0/8        EV:  7    Int:  5    God:
Gold:   179        SH:  5    Dex: 13    Spells: 8/8 levels left

rFire   . . .        a - +2 long sword (heavy)
rCold   . . .        d - +0 buckler
rNeg    . . .        r - +0 plate armour
rPois   .            (helmet restricted)
rElec   .            (no cloak)
rCorr   .            C - +1 pair of gloves
SInv    .            (no boots)
Will    .....        e - amulet of guardian spirit Stlth
                     A - ring of flight
HPRegen 0.33/turn    (no ring)
MPRegen 0.11/turn

%: guardian spirit
@: flying
A: horns 2, retaliatory headbutt
a: no special abilities


You were on level 6 of the Dungeon.
You visited 1 branch of the dungeon, and saw 6 of its levels.

You collected 293 gold pieces.
You spent 114 gold pieces at shops.

Inventory:

Hand Weapons
 a - a +2 heavy long sword (weapon)
 b - a +1 dagger of flaming
 c - a +3 vampiric falchion
Armour
 d - a +0 buckler (worn)
 r - a +0 plate armour (worn)
 C - a +1 pair of gloves (worn)
Jewellery
 e - an amulet of guardian spirit (around neck)
 s - an amulet of faith
 A - a ring of flight (left hand)
Wands
 x - a wand of charming (13)
Scrolls
 g - a scroll of blinking
 j - 5 scrolls of enchant armour
 k - 2 scrolls of noise {unknown}
 l - 3 scrolls of fear
 m - a scroll of silence
 n - 2 scrolls of fog {unknown}
 p - a scroll of poison {unknown}
 q - 2 scrolls of vulnerability {unknown}
 u - 3 scrolls of teleportation {unknown}
 v - 2 scrolls of butterflies {unknown}
 w - 2 scrolls of immolation {unknown}
 y - 3 scrolls of identify
Potions
 f - 2 potions of brilliance
 h - 2 potions of might
 i - 2 potions of lignification
 o - a potion of berserk rage
 t - a potion of magic
 z - 2 potions of haste {unknown}


   Skills:
 + Level 6.7 Fighting
 + Level 8.9 Long Blades
 + Level 9.6 Armour
 + Level 2.4 Dodging
 + Level 0.7 Stealth
 + Level 5.4 Shields


You had 8 spell levels left.
You didn't know any spells.
Your spell library contained the following spells:

 Spells                   Type           Power      Damage    Failure   Level
 Freeze                   Ice            0%         1d3       100%        1
 Sublimation of Blood     Necr           0%         N/A       100%        2
 Wereblood                Tmut           0%         N/A       100%        2
 Frozen Ramparts          Ice            0%         1d1       100%        3
 Hailstorm                Conj/Ice       0%         3d3       100%        3
 Summon Hydra             Summ           0%         N/A       100%        7


Dungeon Overview and Level Annotations

Branches:
Dungeon (6/15)
 Temple: D:4-7

Altars:
Gozag
Nemelex Xobeh
Sif Muna
Yredelemnul

Shops:
D:5 *([?=

Annotations:
D:6 3 runed translucent doors, bogdani's ghost, novice HOFi


Innate Abilities, Weirdness & Mutations

You have a pair of horns on your head.
You reflexively headbutt those who attack you in melee.


Message History

* * * LOW HITPOINT WARNING * * *
The gnoll sergeant burns you.
* * * LOW HITPOINT WARNING * * *
Okay, then.
Blink to where?
Press: ? - help, Dir - move target
As you read the scroll of blinking, it crumbles to dust.
As you read the scroll labelled BIBBAVU SOAQOY, it crumbles to dust.
It is a scroll of enchant armour.
Your +0 pair of gloves glows green for a moment.
The gnoll throws a throwing net.
You block the throwing net.
You see here a throwing net.
As you read the scroll labelled VEB LYNUHO, it crumbles to dust.
You assume a fearsome visage.
The gnoll looks frightened!
It was a scroll of fear.
The adder attacks as you move away! The adder bites you but does no damage.
The adder barely misses you.
You barely miss the adder.
The adder bites you but does no damage. x2
Unknown command.
You miss the adder. Your headbutt misses the adder.
You block the adder's attack.
The gnoll sergeant hits you from afar with a +1 trident of flaming!
* * * LOW HITPOINT WARNING * * *
The gnoll sergeant burns you.
* * * LOW HITPOINT WARNING * * *
Unknown command.
You feel better. The adder bites you but does no damage.
The gnoll sergeant hits you from afar with a +1 trident of flaming!
* * * LOW HITPOINT WARNING * * *
The gnoll sergeant burns you.
* * * LOW HITPOINT WARNING * * *
The adder bites you but does no damage.
Unknown command.
You completely miss the adder. Your headbutt misses the adder.
The adder bites you but does no damage. You block the gnoll sergeant's attack.
The adder bites you but does no damage.
Unknown command.
You closely miss the adder.
The gnoll sergeant hits you from afar with a +1 trident of flaming!
You die...

###### #ggS.#
##..#@###
#...#...##########
##g..###..........#
## #...##
##########.# #.
#...# #.####.
##g..# #...##<
###...## #...##.
###.....# #.....#
##......## #......


You could see a gnoll sergeant, a gnoll and an adder.

Vanquished Creatures
  Pikel (D:5)
  Menkaure (D:5)
  A water moccasin (D:5)
  2 orc warriors
  An ice beast (D:6)
  3 ogres
  A phantom (D:4)
  A kobold brigand (D:6)
  3 bullfrogs (D:6)
  A scorpion (D:6)
  A jelly (D:5)
  3 hounds
  An orc priest (D:5)
  5 orc wizards
  4 iguanas
  Robin (D:2)
  7 adders
  A shadow imp (D:5)
  3 white imps
  2 dart slugs (D:2)
  12 orcs
  4 ball pythons (D:1)
  6 endoplasms
  4 giant cockroaches
  19 goblins
  15 hobgoblins
  2 jackals (D:1)
  3 quokkas
  8 bats
  2 frilled lizards (D:3)
  12 kobolds
  5 rats
135 creatures vanquished.

Notes
Turn   | Place    | Note
-------+----------+-------------------------------------------
     0 | D:1      | Peloso the Minotaur Fighter began the quest for the Orb.
     0 | D:1      | Reached XP level 1. HP: 19/19 MP: 0/0
   211 | D:1      | Reached XP level 2. HP: 27/27 MP: 1/1
   436 | D:1      | Reached skill level 4 in Armour
   673 | D:2      | Reached XP level 3. HP: 29/33 MP: 2/2
   817 | D:2      | Found a faded altar of an unknown god.
  1616 | D:2      | Reached XP level 4. HP: 40/40 MP: 3/3
  1763 | D:3      | Noticed Robin
  1800 | D:2      | Killed Robin
  2546 | D:4      | Reached XP level 5. HP: 46/46 MP: 4/4
  2600 | D:4      | Reached skill level 5 in Armour
  2749 | D:4      | Noticed a phantom
  2769 | D:4      | Killed a phantom
  2840 | D:4      | Reached skill level 1 in Dodging
  2840 | D:4      | Reached XP level 6. HP: 39/53 MP: 3/5
  3038 | D:4      | Reached skill level 6 in Armour
  3897 | D:5      | Entered Level 5 of the Dungeon
  3897 | D:5      | Noticed a water moccasin
  3908 | D:5      | Killed a water moccasin
  3909 | D:5      | Reached skill level 5 in Long Blades
  4016 | D:5      | Found Amicoav's General Store.
  4019 | D:5      | Reached XP level 7. HP: 44/60 MP: 4/6
  4087 | D:5      | Found a basalt altar of Yredelemnul.
  4092 | D:5      | Found an opulent altar of Gozag.
  4099 | D:5      | Found a shimmering blue altar of Sif Muna.
  4125 | D:5      | Found Ikhlona's Antique Weapon Emporium.
  4126 | D:5      | Noticed Menkaure
  4132 | D:5      | Killed Menkaure
  4133 | D:5      | Reached skill level 5 in Fighting
  4133 | D:5      | Reached skill level 5 in Shields
  4143 | D:5      | Bought a glowing falchion for 114 gold pieces
  4197 | D:5      | Found Wog Ohe's Armour Emporium.
  4201 | D:5      | Found Juqar's Magic Scroll Boutique.
  4219 | D:5      | Found Negeg's Jewellery Emporium.
  4270 | D:5      | Reached skill level 7 in Armour
  4491 | D:5      | Found a sparkling altar of Nemelex Xobeh.
  4713 | D:6      | Reached XP level 8. HP: 52/70 MP: 4/7
  4713 | D:6      | Noticed Pikel
  4807 | D:5      | Killed Pikel
  4808 | D:5      | Reached skill level 8 in Armour
  5176 | D:6      | Reached skill level 9 in Armour
  5252 | D:6      | Reached XP level 9. HP: 50/78 MP: 6/8
  5445 | D:6      | Found a runed translucent gate.
  5445 | D:6      | Found a runed translucent gate.
  5445 | D:6      | Found a runed translucent gate.
  5446 | D:6      | Noticed bogdani's ghost (novice HOFi)
  5554 | D:6      | HP: 3/78 [gnoll sergeant/+1 trident of flaming (2)]
  5585 | D:6      | Slain by a gnoll sergeant

Illustrated notes

Levels and vault maps discovered:
D:1:      onia_arrival_mini_maze_b, layout_rooms
D:2:      kennysheep_the_goblin_king, layout_basic,
          dreamdust_ecumenical_altar_statues
D:3:      layout_basic, uniq_robin
D:4:      layout_loops_corners, kennysheep_pointless_box
D:5:      layout_rooms, lemuel_tele_altar, minmay_overflow_temple_star_quad,
          serial_shops, shop, nicolae_shop_window_shopping, shop,
          nicolae_shop_tiny_statue_garden, nicolae_stop_n_shop_1, uniq_menkaure
D:6:      layout_rooms, serial_curves, eino_curves_04, eino_curves_04,
          gammafunk_ghost_necromancy, minmay_fractal_squares_diagonal_5,
          uniq_pikel

Skill      XL: |  1  2  3  4  5  6  7  8 |
---------------+-------------------------+-----
Shields        | 4 5 |  5.4
Fighting       | 4 5 6 |  6.7
Armour         | 4 5 6 7 9 |  9.6
Long Blades    | 3 4 5 6 8 |  8.9
Dodging        | 1 2 |  2.4
Stealth        | |  0.7

Action                     |  1- 3 |  4- 6 |  7- 9 || total
---------------------------+-------+-------+-------++-------
  Melee: Long sword        |   117 |   156 |    83 ||   356
         Headbutt          |    15 |    30 |    17 ||    62
    Use: Potion            |     3 |     1 |     1 ||     5
         Scroll            |     2 |     4 |     3 ||     9
 Armour: Scale mail        |    70 |    61 |     1 ||   132
         Chain mail        |       |       |    44 ||    44
         Plate armour      |       |       |    22 ||    22
  Dodge: Dodged            |    66 |    51 |    58 ||   175
  Block: Buckler           |    37 |    33 |    31 ||   101
